 Dungeon Crawl Stone Soup version 0.22.1-1-ga44c0e5 (webtiles) character file.

1695738 ThyNameIsHubris the Slayer (level 27, 270/270 HPs)
             Began as a Centaur Hunter on Oct 11, 2018.
             Was a High Priest of Okawaru.
             Escaped with the Orb
             ... and 3 runes on Oct 14, 2018!
             The game lasted 04:48:46 (76841 turns).

ThyNameIsHubris the Slayer (Centaur Hunter)        Turns: 76841, Time: 04:48:47

Health: 270/270    AC: 48    Str: 22    XL:     27
Magic:  32/32      EV: 16    Int:  9    God:    Okawaru [*****.]
Gold:   6723       SH:  0    Dex: 19    Spells: 26/26 levels left

rFire    + + +     SeeInvis +   a - +9 longbow (freeze)
rCold    + + .     Gourm    +   (shield currently unavailable)
rNeg     + + .     Faith    .   f - +14 chain mail of Domo {rElec rF+ rN+ Int-3}
rPois    +         Spirit   .   (helmet restricted)
rElec    +         Reflect  .   Q - +2 cloak {+Inv}
rCorr    .         Harm     .   y - +2 pair of gloves {archery}
MR       +++..                  A - +4 centaur barding "Megor" {MR+ Regen+}
Stlth    ..........             o - amulet of the Middle {Gourm rF+ rC+ Str+3}
HPRegen  0.95/turn              u - ring of protection from cold
MPRegen  0.23/turn              W - ring "Mijysiemn" {rPois rN+ Int+2 SInv Stlth+}

@: very quick
A: large, antennae 1, hooves 3, thin metallic scales 1, deformed body, fire
resistance 1, speed 2, tough skin 3
0: Orb of Zot
}: 3/15 runes: barnacled, silver, gossamer
a: Heroism, Finesse, Renounce Religion, Evoke Invisibility


You escaped.
You worshipped Okawaru.
Okawaru was extremely pleased with you.
You were not hungry.

You visited 9 branches of the dungeon, and saw 49 of its levels.
You visited the Abyss 1 time.
You also visited: Ossuary, Ice Cave and Wizlab.

You collected 7868 gold pieces.
You spent 1145 gold pieces at shops.

Inventory:

Hand Weapons
 a - a +9 longbow of freezing (weapon)
 b - the +7 mace of Variability {chain chaos}
   (You found it on level 13 of the Dungeon)

   Each time it hits an enemy it has a different, random effect.
Missiles
 d - 1346 arrows (quivered)
Armour
 f - the +14 chain mail of Domo (worn) {rElec rF+ rN+ Int-3}
   (You bought it in a shop on level 2 of the Orcish Mines)

   It affects your intelligence (-3).
   It protects you from fire.
   It insulates you from electricity.
   It protects you from negative energy.
 y - a +2 pair of gloves of archery (worn)
 A - the +4 centaur barding "Megor" (worn) {MR+ Regen+}
   (Okawaru gifted it to you on level 11 of the Dungeon)

   It affects your resistance to hostile enchantments.
   It increases your rate of regeneration.
 Q - a +2 cloak of invisibility (worn)
Jewellery
 o - the amulet of the Middle (around neck) {Gourm rF+ rC+ Str+3}
   (You found it on level 3 of the Elven Halls)

   [amulet of the gourmand]

   It allows you to eat raw meat even when not hungry.
   It affects your strength (+3).
   It protects you from fire.
   It protects you from cold.
 p - an uncursed ring of flight
 u - a ring of protection from cold (left hand)
 x - an uncursed ring of protection from magic
 D - the ring of the Catfish {rF+ Dex+2}
   (You found it on level 1 of the Vaults)

   [ring of protection from fire]

   It affects your dexterity (+2).
   It protects you from fire.
 W - the ring "Mijysiemn" (right hand) {rPois rN+ Int+2 SInv Stlth+}
   (You found it on level 3 of the Elven Halls)

   [ring of intelligence]

   It affects your intelligence (+2).
   It protects you from poison.
   It protects you from negative energy.
   It lets you see invisible.
   It makes you more stealthy.
 Y - a +3 ring of slaying
Wands
 h - a wand of iceblast (39)
 j - a wand of paralysis (110)
 t - a wand of digging (62)
 K - a wand of disintegration (56)
 N - a wand of acid (31)
 T - a wand of enslavement (21)
 V - a wand of clouds (12)
Scrolls
 q - 20 scrolls of remove curse
 v - 15 scrolls of teleportation
 B - 4 scrolls of summoning
 E - 4 scrolls of holy word
 F - 2 scrolls of fog
 J - 20 scrolls of identify
 L - 3 scrolls of magic mapping
 O - 4 scrolls of silence
 P - 8 scrolls of fear
 Z - 5 scrolls of blinking
Potions
 g - 9 potions of might
 l - 6 potions of haste
 r - 8 potions of berserk rage
 s - 9 potions of mutation
 C - a potion of cancellation
 G - 7 potions of agility
 H - 19 potions of curing
 I - 3 potions of heal wounds
 U - 3 potions of resistance
 X - 2 potions of invisibility
Miscellaneous
 e - a lightning rod (4/4)
 i - a lamp of fire
 k - 3 sacks of spiders
 n - a fan of gales
 M - 2 phantom mirrors
 R - 2 boxes of beasts
 S - a phial of floods
Comestibles
 c - 78 rations


   Skills:
 + Level 26.4 Fighting
 - Level 20.0 Maces & Flails
   Level 1.0 Polearms
 - Level 22.0 Bows
 + Level 17.8 Armour
 + Level 17.9 Dodging
 - Level 0.4 Stealth
 - Level 10.0 Invocations
 - Level 12.0 Evocations


You had 26 spell levels left.
You didn't know any spells.
Your spell library contained the following spells:

 Spells                   Type           Power        Failure   Level  Hunger
 Animate Skeleton         Necr           N/A          86%         1    ##.....
 Apportation              Tloc           #.....       86%         1    ##.....
 Confusing Touch          Hex            #.....       86%         1    ##.....
 Corona                   Hex            #......      86%         1    ##.....
 Flame Tongue             Conj/Fire      #....        86%         1    ##.....
 Freeze                   Ice            #...         86%         1    ##.....
 Infusion                 Chrm           #...         86%         1    ##.....
 Magic Dart               Conj           #...         86%         1    ##.....
 Pain                     Necr           #...         86%         1    ##.....
 Shock                    Conj/Air       #...         86%         1    ##.....
 Sting                    Conj/Pois      #...         86%         1    ##.....
 Summon Small Mammal      Summ           #...         86%         1    ##.....
 Blink                    Tloc           N/A          94%         2    ###....
 Call Imp                 Summ           #.......     94%         2    ###....
 Ensorcelled Hibernation  Hex/Ice        #.....       94%         2    ###....
 Passwall                 Tmut/Erth      #.......     94%         2    ###....
 Poisonous Vapours        Pois/Air       #.....       94%         2    ###....
 Searing Ray              Conj           #.....       94%         2    ###....
 Shroud of Golubria       Chrm/Tloc      #.........   94%         2    ###....
 Slow                     Hex            #.......     94%         2    ###....
 Song of Slaying          Chrm           #.......     94%         2    ###....
 Sublimation of Blood     Necr           #.........   94%         2    ###....
 Swiftness                Chrm/Air       #.......     94%         2    ###....
 Throw Flame              Conj/Fire      #.....       94%         2    ###....
 Call Canine Familiar     Summ           #.......     99%         3    ####...
 Confuse                  Hex            #.......     99%         3    ####...
 Conjure Flame            Conj/Fire      #.......     99%         3    ####...
 Dazzling Spray           Conj/Hex       #.....       99%         3    ####...
 Gell's Gravitas          Tloc           #.........   99%         3    ####...
 Ignite Poison            Fire/Tmut/Pois #.......     99%         3    ####...
 Inner Flame              Hex/Fire       #.......     99%         3    ####...
 Mephitic Cloud           Conj/Pois/Air  #.......     99%         3    ####...
 Portal Projectile        Hex/Tloc       #.....       99%         3    ####...
 Regeneration             Chrm/Necr      #.........   99%         3    ####...
 Spectral Weapon          Hex/Chrm       #.......     99%         3    ####...
 Spider Form              Tmut/Pois      #.........   99%         3    ####...
 Static Discharge         Conj/Air       #.......     99%         3    ####...
 Summon Guardian Golem    Hex/Summ       #.......     99%         3    ####...
 Vampiric Draining        Necr           #.........   99%         3    ####...
 Airstrike                Air            #.........   100%        4    #####..
 Animate Dead             Necr           N/A          100%        4    #####..
 Cause Fear               Hex            #.........   100%        4    #####..
 Force Lance              Conj/Tloc      #.......     100%        4    #####..
 Fulminant Prism          Conj/Hex       #.........   100%        4    #####..
 Ice Form                 Ice/Tmut       #.......     100%        4    #####..
 Iskenderun's Mystic Bla  Conj           #.......     100%        4    #####..
 Leda's Liquefaction      Hex/Erth       #.........   100%        4    #####..
 Olgreb's Toxic Radiance  Pois           #.......     100%        4    #####..
 Petrify                  Tmut/Erth      #.......     100%        4    #####..
 Sticky Flame             Conj/Fire      #.......     100%        4    #####..
 Summon Ice Beast         Ice/Summ       #.......     100%        4    #####..
 Summon Lightning Spire   Summ/Air       #.......     100%        4    #####..
 Alistair's Intoxication  Tmut/Pois      #.......     100%        5    ######.
 Bolt of Draining         Conj/Necr      #.........   100%        5    ######.
 Bolt of Magma            Conj/Fire/Erth #.........   100%        5    ######.
 Borgnjor's Vile Clutch   Necr/Erth      #.........   100%        5    ######.
 Fireball                 Conj/Fire      #.........   100%        5    ######.
 Irradiate                Conj/Tmut      #.........   100%        5    ######.
 Iskenderun's Battlesphe  Conj/Chrm      #.......     100%        5    ######.
 Lee's Rapid Deconstruct  Erth           #.........   100%        5    ######.
 Lightning Bolt           Conj/Air       #.........   100%        5    ######.
 Metabolic Englaciation   Hex/Ice        #.........   100%        5    ######.
 Silence                  Hex/Air        #.........   100%        5    ######.
 Venom Bolt               Conj/Pois      #.........   100%        5    ######.
 Yara's Violent Unravell  Hex/Tmut       #.........   100%        5    ######.
 Bolt of Cold             Conj/Ice       #.........   100%        6    #######
 Bolt of Fire             Conj/Fire      #.........   100%        6    #######
 Conjure Ball Lightning   Conj/Air       #.........   100%        6    #######
 Darkness                 Hex            #.........   100%        6    #######
 Deflect Missiles         Chrm/Air       #.........   100%        6    #######
 Dispersal                Tloc           #.........   100%        6    #######
 Freezing Cloud           Conj/Ice/Air   #.........   100%        6    #######
 Hydra Form               Tmut           #.........   100%        6    #######
 Invisibility             Hex            #.......     100%        6    #######
 Iron Shot                Conj/Erth      #.........   100%        6    #######
 Ozocubu's Refrigeration  Ice            #.........   100%        6    #######
 Shadow Creatures         Summ           N/A          100%        6    #######
 Simulacrum               Ice/Necr       #.........   100%        6    #######
 Statue Form              Tmut/Erth      #........    100%        6    #######
 Dragon Form              Tmut           #.........   100%        7    #######
 Ring of Flames           Chrm/Fire      #.........   100%        7    #######
 Controlled Blink         Tloc           N/A          100%        8    #######
 Discord                  Hex            #.........   100%        8    #######
 Disjunction              Tloc           #.........   100%        8    #######
 Ignition                 Fire           #.........   100%        8    #######
 Shatter                  Erth           #.........   100%        9    #######
 Tornado                  Air            #.........   100%        9    #######
 Passage of Golubria      Tloc           Unusable     N/A         4    N/A

Dungeon Overview and Level Annotations

Branches:
Dungeon (15/15)            Temple (0/1) D:6            Lair (6/6) D:11
 Shoals (4/4) Lair:4       Spider (4/4) Lair:2        Slime (0/5) Lair:5
    Orc (2/2) D:10            Elf (3/3) Orc:2        Vaults (5/5) D:13
  Crypt (0/3) Vaults:2     Depths (5/5) D:15            Zot (5/5) Depths:5

Altars:
Fedhas
Hepliaklqana
Kikubaaqudgha
Nemelex Xobeh
Okawaru
Sif Muna
Trog
Uskayaw
Xom
Zin
The Shining One
Beogh
Jiyva

Shops:
D:7 :   D:8 (   D:10 *   Orc:1 }   Orc:2 [([*   Elf:3 ?   Vaults:2 %
Vaults:3 %   Vaults:4 %

Portals:
Hell: Depths:1 Depths:2 Depths:3 Depths:4 Depths:5
Abyss: Depths:3 Depths:4
Pandemonium: Depths:2 Depths:3
Ziggurat: Depths:5

Annotations:
D:5 2 transporters, SaintRoka's ghost, amateur DDMo
D:12 3 runed doors, YellowHerb's ghost, journeyman GrBe
Shoals:1 3 runed doors, Spongiform's ghost, journeyman MiFi
Shoals:2 2 transporters, brandon's ghost, adept DEFE
Spider:3 fuck me I'm dumb
Elf:2 3 runed doors
Depths:3 exclusion: downstairs
Zot:1 shard shrike vault?, 3 runed doors, Zijaosem's ghost, legendary GrEE
Zot:3 3 runed doors, Oklagrot's ghost, legendary KoAK


Innate Abilities, Weirdness & Mutations

You have hooves in place of feet.
Armour fits poorly on your strangely shaped body.
You cover ground very quickly.
You have extremely tough skin. (AC +3)
You have a pair of small antennae on your head.
You are partially covered in thin metallic scales. (AC +2)
Your flesh is heat resistant. (rF+)


Message History

(Z) Zot
Where to? (Enter - D:1 @ (x,y), ? - help)
A shadow imp comes into view.
Firing (i - inventory)
d - 1347 arrows (quivered)
Press: ? - help, Shift-Dir - straight line, f - shadow imp
Aim: a shadow imp You shoot an arrow.
The arrow hits the shadow imp!!!
You kill the shadow imp!
(D) Dungeon (T) Temple (L) Lair (A) Shoals (N) Spider Nest (M) Slime Pits (O) Orcish Mines (E) Elven Halls (V) Vaults (C) Crypt (U) Depths (H) Hell (Z) Zot
Where to? (Enter - D:1 @ (x,y), ? - help)
There is a stone staircase leading up here.
You climb upwards.
There is a stone staircase leading down here.
There is an open door here.
There is a staircase leading out of the dungeon here.
Unknown command.
You have escaped!

# #.##
# #..#
# ##.#
# #.#
# #.##
# #..#
##.###
#.#8♣♣
#.'.@♣
###8♣♣
###


There were no monsters in sight!

Vanquished Creatures
  8 orbs of fire
  5 ancient liches
  A juggernaut (Depths:4)
  Mennas (Depths:3)
  A shard shrike (Zot:1)
  3 caustic shrikes (Depths:5)
  Saint Roka (Orc:2)
  13 golden dragons
  3 Killer Klowns (Zot:5)
  3 profane servitors (Abyss:3)
  2 bone dragons (Abyss:3)
  3 liches
  3 electric golems
  25 Orb Guardians (Zot:5)
  Asterion (Spider:1)
  18 tentacled monstrosities
  2 deep elf blademasters (Elf:3)
  7 titans
  8 quicksilver dragons
  8 sphinxes
  2 deep elf master archers (Elf:3)
  A kraken (Abyss:4)
  7 tentacled starspawn
  Kirke (D:15)
  An ancient champion (Vaults:2)
  An Executioner (Abyss:3)
  Frances (D:14)
  15 storm dragons
  17 shadow dragons
  8 draconian monks
  8 death cobs
  9 tengu reavers
  A daeva (Abyss:3)
  8 frost giants
  Roxanne (Elf:1)
  10 fire giants
  5 draconian knights
  17 deep elf sorcerers
  5 emperor scorpions (Spider:4)
  2 iron dragons
  Louise (Shoals:1)
  An orc warlord (Vaults:3)
  A ghoul (Vaults:2)
  6 draconian shifters
  7 ghost moths
  8 draconian scorchers
  17 vault wardens
  A draconian stormcaller (Zot:4)
  2 war gargoyles (Vaults:5)
  6 deep elf elementalists
  A cacodemon (Abyss:3)
  22 ironheart preservers
  4 spriggan defenders
  4 draconian annihilators
  21 stone giants
  6 entropy weavers
  13 green draconians
  16 very ugly things
  2 vampire knights
  A juggernaut skeleton (Depths:3)
  7 deep elf demonologists
  15 white draconians
  5 starcursed masses
  A lorocyproca (Abyss:3)
  15 red draconians
  The ghost of buskinjo the Fencer, a journeyman OpCK of Xom (D:15)
  10 black draconians
  16 purple draconians
  16 deep elf annihilators
  5 dire elephants (Lair:6)
  10 yellow draconians
  7 merfolk javelineers (Shoals:4)
  10 spark wasps
  9 statues (WizLab)
  11 deep elf death magi
  A blizzard demon (Abyss:3)
  2 crystal guardians
  7 merfolk impalers
  Josephine (D:12)
  13 ettins
  12 great orbs of eyes
  21 yaktaur captains
  5 deep elf high priests
  14 fire dragons
  7 rakshasas
  3 naga warriors (Abyss:3)
  33 vault guards
  12 ice dragons
  13 hydras
  A hell beast (Elf:1)
  2 spriggan air magi (Depths:2)
  An alligator snapping turtle (Shoals:4)
  An anaconda (Lair:6)
  A catoblepas (D:14)
  2 merfolk avatars (Shoals:1)
  12 centaur warriors
  7 merfolk aquamancers
  2 satyrs
  9 dancing weapons
  31 ogre magi
  7 deep troll shamans
  2 death knights
  4 death yaks (Lair:4)
  14 deep troll earth magi
  7 tengu warriors
  71 two-headed ogres
  3 hell hogs (Abyss:3)
  4 vampire magi
  6 spriggan berserkers
  18 thrashing horrors
  Urug (Lair:1)
  2 sun demons
  2 orc high priests
  A soul eater (Depths:1)
  3 fire crabs (shapeshifter)
  A spriggan (Depths:5)
  A hell knight (Depths:1)
  An iron troll (shapeshifter) (Vaults:5)
  Nergalle (Lair:3)
  2 iron trolls
  3 shadow wraiths
  22 deep elf knights
  2 sixfirhies (Abyss:3)
  A fire crab (Lair:3)
  A spatial maelstrom (Abyss:3)
  5 wretched stars
  3 skeletal warriors (Vaults:2)
  29 deep trolls
  A shadow demon (Depths:2)
  4 storm dragon skeletons
  A salamander mystic (Depths:5)
  10 sea snakes
  An orange crystal statue (Zot:5)
  10 wizards
  4 flayed ghosts
  A torturous demonspawn (Depths:2)
  4 unseen horrors
  21 deep elf archers
  5 glowing orange brains
  Pikel (D:7)
  7 harpies
  22 ironbrand convokers
  An oklob plant (Lair:3)
  A wolf spider zombie (Abyss:3)
  22 orc knights
  3 phantasmal warriors (Vaults:5)
  8 necromancers
  22 orb spiders
  4 worldbinders
  A mana viper (shapeshifter) (Vaults:3)
  2 orc sorcerers
  9 cyclopes
  10 fauns
  45 ugly things
  85 deep elf magi
  17 manticores
  36 wolf spiders
  5 salamanders (Depths:5)
  29 moths of wrath
  Joseph (Lair:1)
  21 elephants
  Maurice (D:8)
  2 black mambas
  An apocalypse crab (Abyss:3)
  7 water nymphs (Shoals:4)
  11 merfolk sirens
  8 orange demons
  3 rust devils
  8 spiny frogs
  5 centaur zombies
  9 smoke demons
  2 guardian serpents (Abyss:3)
  11 vault sentinels
  3 torpor snails
  A black mamba (shapeshifter) (Vaults:2)
  21 large abominations
  3 gargoyles
  A naga mage (Abyss:3)
  2 spriggan skeletons (Depths:1)
  A kobold demonologist (Abyss:2)
  An ice statue (IceCv)
  37 yaktaurs
  2 spiny frogs (shapeshifter)
  2 hellions (Abyss:3)
  5 rime drakes
  A yaktaur zombie (Depths:1)
  8 freezing wraiths
  An efreet (Abyss:3)
  3 hellwings (Zot:2)
  7 komodo dragons
  An elf skeleton (Vaults:5)
  9 demonic crawlers
  3 tengu conjurers
  A human skeleton (Vaults:3)
  An ice devil (Abyss:3)
  An anaconda simulacrum (Abyss:3)
  45 jumping spiders
  6 ancient zymes
  A queen bee (Lair:2)
  2 polar bears (shapeshifter)
  18 merfolk
  A tengu simulacrum (Depths:3)
  3 wind drakes
  A blink frog (shapeshifter) (Depths:2)
  16 trolls
  15 polar bears
  15 hornets
  6 blink frogs
  10 raiju (Abyss:3)
  A dream sheep (shapeshifter) (Depths:3)
  7 snapping turtles
  9 hippogriffs
  11 dream sheep
  A meliai zombie (D:15)
  Sigmund (D:2)
  A snapping turtle (shapeshifter) (Vaults:2)
  25 slime creatures
  2 shadows
  5 wyverns
  5 flying skulls
  9 wraiths
  5 ynoxinuls
  103 redbacks
  An ettin skeleton (Vaults:3)
  33 tarantellas
  A yak (shapeshifter) (Vaults:2)
  A vampire (D:14)
  2 hogs
  A tarantella (shapeshifter) (Depths:3)
  12 water elementals
  A fire dragon skeleton (Depths:1)
  2 fire elementals
  9 small abominations
  3 neqoxecs (Abyss:3)
  6 basilisks
  3 fire bats
  A golden eye (shapeshifter) (Vaults:1)
  66 yaks
  2 steam dragons
  16 chaos spawn
  2 hungry ghosts
  6 wargs
  An ogre zombie (Vaults:1)
  A soldier ant (shapeshifter) (Vaults:5)
  Menkaure (D:6)
  4 insubstantial wisps (Abyss:3)
  2 soldier ants
  8 water moccasins
  3 acid dragons
  5 nagas (Abyss:3)
  Duvessa (D:7)
  A deep troll skeleton (Vaults:1)
  3 hell hounds
  2 hydra simulacra (Zot:1)
  8 porcupines
  A necrophage (D:6)
  An ice beast (D:15)
  An ettin simulacrum (Vaults:1)
  68 orc warriors
  A black bear (shapeshifter) (Depths:1)
  3 black bears
  3 phantoms
  An ogre (shapeshifter) (Vaults:5)
  An eye of draining (shapeshifter) (Elf:2)
  20 centaurs
  36 ogres
  18 boggarts
  26 wolves
  A big kobold (D:7)
  20 crocodiles
  3 human zombies
  16 bullfrogs
  Blork the orc (D:5)
  A deep troll simulacrum (Vaults:5)
  Dowan (D:7)
  5 scorpions
  2 human simulacra
  29 killer bees
  8 howler monkeys
  14 wights
  4 electric eels
  9 crimson imps
  8 jellies
  4 quasits
  Crazy Yiuf (D:3)
  6 centaur skeletons
  6 hounds
  A bullfrog zombie (D:5)
  35 orc priests
  4 iron imps
  31 orc wizards
  3 bullfrog skeletons
  4 iguanas
  9 worker ants
  A hell rat (Lair:2)
  5 big kobold zombies (Ossuary)
  A killer bee zombie (D:8)
  A hound zombie (D:9)
  2 hound skeletons
  2 mummies (Ossuary)
  2 worker ant zombies
  A howler monkey skeleton (D:4)
  8 gnolls (D:3)
  10 adders
  5 shadow imps
  5 white imps
  4 ufetubi
  8 oozes
  8 adder zombies
  3 adder skeletons
  2 worms (D:4)
  2 dart slugs
  6 leopard geckos
  136 orcs
  2 ball pythons
  7 giant cockroaches
  4 gnoll zombies (Ossuary)
  14 goblins
  7 hobgoblins
  4 jackals
  5 quokkas
  12 bats
  8 frilled lizards
  3 hobgoblin zombies
  A jackal skeleton (D:4)
  8 kobolds
  4 kobold zombies (Ossuary)
  6 orc zombies
  7 rats
  A fire vortex (Depths:2)
  4 fungi
  2 lurking horrors
  10 plants
  11 starspawn tentacles
  3 tentacles (Abyss:4)
2814 creatures vanquished.

Vanquished Creatures (collateral kills)
  An ice dragon (Vaults:3)
  A spriggan air mage (Depths:2)
  An orc priest (Vaults:3)
  A mummy (D:7)
4 creatures vanquished.

Vanquished Creatures (others)
  A fire giant (D:15)
  A vault warden (Vaults:3)
  2 red draconians
  An orc knight (Vaults:3)
  A yaktaur (Vaults:3)
  A redback (Spider:3)
  4 humans (D:15)
  An acid dragon (D:15)
  A fire vortex (Depths:2)
  12 fungi
  17 plants
  4 starspawn tentacles
  3 tentacles (Abyss:4)
49 creatures vanquished.

Grand Total: 2867 creatures vanquished

Notes
Turn   | Place    | Note
-------+----------+-------------------------------------------
     0 | D:1      | ThyNameIsHubris the Centaur Hunter began the quest for the
                  | Orb.
     0 | D:1      | Reached XP level 1. HP: 17/17 MP: 1/1
   188 | D:1      | Reached XP level 2. HP: 24/24 MP: 2/2
   513 | D:1      | Found a shimmering altar of Xom.
   961 | D:2      | Reached XP level 3. HP: 29/29 MP: 3/3
  1854 | D:2      | Noticed Sigmund
  1972 | D:3      | Reached XP level 4. HP: 36/36 MP: 4/4
  2334 | D:3      | Reached skill level 1 in Armour
  2334 | D:3      | Reached XP level 5. HP: 41/41 MP: 5/5
  2799 | D:3      | Found a runed door.
  2804 | D:3      | Noticed Crazy Yiuf
  2811 | D:3      | Killed Crazy Yiuf
  3411 | D:4      | Found a hazy altar of Hepliaklqana.
  3413 | D:4      | Found a glowing silver altar of Zin.
  3415 | D:4      | Found a shimmering altar of Xom.
  3417 | D:4      | Found a sparkling altar of Nemelex Xobeh.
  3419 | D:4      | Found an iron altar of Okawaru.
  3421 | D:4      | Found a bloodstained altar of Trog.
  3427 | D:4      | Became a worshipper of Warmaster Okawaru
  3444 | D:4      | Paralysed by a crimson imp for 3 turns
  3453 | D:4      | Reached XP level 6. HP: 48/48 MP: 6/6
  3507 | D:4      | Reached skill level 1 in Polearms
  3991 | D:4      | Reached * piety under Okawaru
  3991 | D:4      | Reached skill level 10 in Bows
  3991 | D:4      | Reached XP level 7. HP: 41/55 MP: 7/7
  4214 | D:5      | Entered Level 5 of the Dungeon
  4403 | D:5      | Noticed SaintRoka's ghost (amateur DDMo)
  4457 | D:5      | Found a transporter.
  4464 | D:5      | Found a transporter.
  5013 | D:5      | Noticed Blork the orc
  5044 | D:5      | Killed Blork the orc
  5116 | D:5      | Found a hide-covered altar of Uskayaw.
  5231 | D:6      | Reached skill level 1 in Maces & Flails
  5279 | D:6      | Found a bloodstained altar of Trog.
  5326 | D:6      | Reached ** piety under Okawaru
  5366 | D:6      | Reached XP level 8. HP: 61/61 MP: 8/8
  5773 | D:6      | Found a staircase to the Ecumenical Temple.
  5933 | D:6      | Noticed Menkaure
  5941 | D:6      | Killed Menkaure
  6312 | D:7      | Found a sand-covered staircase.
  6377 | Ossuary  | Entered an ossuary
  6592 | Ossuary  | Reached *** piety under Okawaru
  6889 | D:7      | Noticed Pikel
  7016 | D:7      | Reached XP level 9. HP: 65/67 MP: 9/9
  7023 | D:7      | Killed Pikel
  7347 | D:7      | Reached **** piety under Okawaru
  7613 | D:7      | Noticed Duvessa
  7623 | D:7      | Killed Duvessa
  7623 | D:7      | Reached skill level 5 in Armour
  7653 | D:7      | Noticed Dowan
  7678 | D:7      | Killed Dowan
  7678 | D:7      | Received a gift from Okawaru
  7997 | D:7      | Found Qeymijuf's Book Shop.
  8062 | D:7      | Reached skill level 5 in Maces & Flails
  8250 | D:8      | Found Pair's Antique Weapon Shoppe.
  8251 | D:8      | Noticed Maurice
  8461 | D:8      | Reached skill level 1 in Invocations
  8631 | D:8      | Killed Maurice
  8631 | D:8      | Reached XP level 10. HP: 75/75 MP: 11/11
  8741 | D:8      | Reached skill level 3 in Fighting
  8920 | D:8      | Found a deep blue altar of Sif Muna.
  8938 | D:8      | Bought a glowing shortbow for 180 gold pieces
  8994 | D:8      | Received a gift from Okawaru
  9511 | D:9      | Noticed a two-headed ogre
  9543 | D:9      | Killed a two-headed ogre
  9543 | D:9      | Received a gift from Okawaru
  9543 | D:9      | Reached skill level 4 in Fighting
 10027 | D:10     | Entered Level 10 of the Dungeon
 10103 | D:10     | Reached ***** piety under Okawaru
 10354 | D:10     | Reached skill level 1 in Evocations
 10538 | D:10     | Found a staircase to the Orcish Mines.
 10604 | D:10     | Noticed a two-headed ogre
 10627 | D:10     | Killed a two-headed ogre
 11003 | D:10     | Found Linnavvi's Assorted Antiques.
 11009 | D:10     | Bought a scroll of identify for 52 gold pieces
 11009 | D:10     | Bought an embroidered cloak for 195 gold pieces
 11506 | D:11     | Noticed a death knight
 11700 | D:11     | Noticed a deep elf mage
 11705 | D:11     | Killed a deep elf mage
 11705 | D:11     | Reached skill level 5 in Fighting
 11768 | D:11     | Reached XP level 11. HP: 86/86 MP: 14/14
 11802 | D:11     | Reached skill level 5 in Invocations
 12418 | D:11     | Killed a death knight
 12746 | D:11     | Noticed a cyan ugly thing
 12782 | D:11     | Killed a cyan ugly thing
 12794 | D:11     | Received a gift from Okawaru
 13064 | D:11     | Noticed a white ugly thing
 13095 | D:11     | Killed a white ugly thing
 13300 | D:11     | Reached skill level 6 in Fighting
 13305 | D:11     | Found a staircase to the Lair.
 13455 | D:11     | Received a gift from Okawaru
 13466 | D:11     | Got a heavily runed centaur barding {god gift}
 13481 | D:11     | Identified the +4 centaur barding "Megor" {MR+ Regen+}
                  | (Okawaru gifted it to you on level 11 of the Dungeon)
 13800 | D:11     | Killed an unseen horror
 13949 | Lair:1   | Entered Level 1 of the Lair of Beasts
 14118 | Lair:1   | Noticed Joseph
 14145 | Lair:1   | Killed Joseph
 14559 | Lair:1   | Reached XP level 12. HP: 97/97 MP: 17/17
 14712 | Lair:1   | Reached skill level 7 in Fighting
 14867 | Lair:1   | Noticed Urug
 14915 | Lair:1   | Killed Urug
 15096 | Lair:2   | Noticed a four-headed hydra
 15106 | Lair:1   | Reached skill level 5 in Evocations
 15641 | Lair:2   | Received a gift from Okawaru
 15660 | Lair:2   | Killed a four-headed hydra
 15764 | Lair:2   | Received a gift from Okawaru
 16064 | Lair:2   | Found a hole to the Spider Nest.
 16204 | Lair:2   | Reached skill level 8 in Fighting
 16768 | Lair:3   | Found a frozen archway.
 16826 | IceCv    | Entered an ice cave
 16855 | IceCv    | Received a gift from Okawaru
 16869 | IceCv    | Reached ****** piety under Okawaru
 17174 | IceCv    | Reached XP level 13. HP: 108/108 MP: 19/19
 17393 | IceCv    | Noticed a frost giant
 17481 | IceCv    | Killed a frost giant
 17481 | IceCv    | Received a gift from Okawaru
 17993 | Lair:3   | Found a transporter.
 18055 | Lair:3   | Noticed Nergalle
 18128 | Lair:3   | Received a gift from Okawaru
 18184 | Lair:3   | Identified a scroll of acquirement
 18188 | Lair:3   | Got a bloodstained cloak
 18199 | Lair:3   | Identified the +0 cloak of Melancholy {Regen+} (You
                  | acquired it on level 3 of the Lair of Beasts)
 18351 | Lair:3   | Found a transporter.
 18403 | Lair:3   | Reached skill level 9 in Fighting
 18404 | Lair:3   | Received a gift from Okawaru
 18651 | Lair:3   | Killed Nergalle
 18862 | Lair:3   | Found a blossoming altar of Fedhas.
 19237 | Lair:4   | Reached skill level 15 in Bows
 19397 | Lair:3   | Received a gift from Okawaru
 19400 | Lair:3   | Got a spiked plate armour {god gift}
 19411 | Lair:3   | Identified the +3 plate armour "Tatzod Muut" {-Tele rF+ rN+
                  | MR+} (Okawaru gifted it to you on level 3 of the Lair of
                  | Beasts)
 19665 | Lair:4   | Reached skill level 10 in Invocations
 19732 | Lair:4   | Found a staircase to the Shoals.
 20507 | Lair:5   | Found a staircase to the Slime Pits.
 20613 | Lair:5   | Reached XP level 14. HP: 100/119 MP: 18/21
 20929 | Lair:5   | Reached skill level 10 in Fighting
 21248 | Lair:5   | You fall through a shaft!
 21248 | Lair:6   | Entered Level 6 of the Lair of Beasts
 21459 | Lair:6   | Received a gift from Okawaru
 22509 | Lair:5   | Found a glowing golden altar of the Shining One.
 22603 | Lair:5   | Found a shimmering altar of Xom.
 23123 | Lair:6   | Reached skill level 11 in Fighting
 23196 | Lair:6   | Got a transparent hand axe
 23197 | Lair:6   | Identified the +3 hand axe "Xokholyb" {chop, rPois} (You
                  | found it on level 6 of the Lair of Beasts)
 23334 | Lair:6   | Reached skill level 10 in Armour
 23578 | Orc:1    | Entered Level 1 of the Orcish Mines
 23986 | Orc:1    | Received a gift from Okawaru
 24287 | Orc:1    | Found a roughly hewn altar of Beogh.
 24451 | Orc:1    | Found Dim Jost's Gadget Boutique.
 24507 | Orc:2    | Entered Level 2 of the Orcish Mines
 24710 | Orc:2    | Found a roughly hewn altar of Beogh.
 24790 | Orc:2    | Received a gift from Okawaru
 25068 | Orc:2    | Found a roughly hewn altar of Beogh.
 25165 | Orc:2    | Found a roughly hewn altar of Beogh.
 25192 | Orc:2    | Found Fiheocw's General Store.
 25202 | Orc:2    | Bought a scroll of fear for 45 gold pieces
 25254 | Orc:2    | Found a roughly hewn altar of Beogh.
 25374 | Orc:2    | Found a staircase to the Elven Halls.
 25527 | Orc:2    | Found a roughly hewn altar of Beogh.
 25536 | Orc:2    | Reached XP level 15. HP: 124/132 MP: 22/22
 25550 | Orc:2    | Found Goosch's Antique Armour Emporium.
 25557 | Orc:2    | Bought a steaming ring mail for 360 gold pieces
 25567 | Orc:2    | Identified the +5 ring mail of Dishonour {rC+ Str+2} (You
                  | bought it in a shop on level 2 of the Orcish Mines)
 25667 | Orc:2    | Noticed Saint Roka
 25684 | Orc:2    | Killed Saint Roka
 25684 | Orc:2    | Reached skill level 12 in Fighting
 25757 | Orc:2    | Found Roufots's Antique Armour Boutique.
 25759 | Orc:2    | Found a roughly hewn altar of Beogh.
 25767 | Orc:2    | Found Vichi's Antique Weapon Shop.
 25816 | Orc:2    | Bought a fine chain mail for 313 gold pieces
 25826 | Orc:2    | Identified the +14 chain mail of Domo {rElec rF+ rN+ Int-3}
                  | (You bought it in a shop on level 2 of the Orcish Mines)
 26267 | D:12     | Found a runed gate.
 26267 | D:12     | Found a runed gate.
 26269 | D:12     | Found a runed gate.
 26327 | D:12     | Noticed YellowHerb's ghost (journeyman GrBe)
 26503 | D:12     | Noticed Josephine
 26507 | D:12     | Killed Josephine
 26592 | D:12     | Got a shimmering falchion
 26593 | D:12     | Identified the +7 falchion "Oleuwof" {venom, Str+4 Dex-4
                  | Stlth+} (You found it on level 12 of the Dungeon)
 26608 | D:12     | Received a gift from Okawaru
 26632 | D:12     | Found a viscous altar of Jiyva.
 27066 | D:13     | Found a shimmering altar of Xom.
 27071 | D:13     | Found the +7 mace of Variability {chain chaos}
 27085 | D:13     | Received a gift from Okawaru
 27631 | D:13     | Found a gate to the Vaults.
 28051 | D:14     | Noticed Frances
 28063 | D:14     | Killed Frances
 28118 | D:14     | Found the +8 orange crystal plate armour {Archmagi, Int+3
                  | Clar}
 28168 | D:14     | Received a gift from Okawaru
 28173 | D:14     | Got a shimmering shield {god gift}
 28181 | D:14     | Identified the +2 shield of Amelioration {rElec rF- rN+
                  | SInv} (Okawaru gifted it to you on level 14 of the Dungeon)
 28362 | D:14     | Identified the +4 scale mail of the Catamount {rN+} (You
                  | found it on level 14 of the Dungeon)
 29106 | D:14     | Reached skill level 13 in Fighting
 29540 | D:15     | Entered Level 15 of the Dungeon
 29540 | D:15     | Noticed Kirke
 29598 | D:15     | Killed Kirke
 29598 | D:15     | Received a gift from Okawaru
 29598 | D:15     | Reached XP level 16. HP: 143/143 MP: 16/23
 29821 | D:15     | Received a gift from Okawaru
 29876 | D:15     | Found a staircase to the Depths.
 30090 | D:15     | Found a runed gate.
 30091 | D:15     | Found a runed gate.
 30092 | D:15     | Found a runed gate.
 30094 | D:15     | Noticed buskinjo's ghost (journeyman OpCK)
 30135 | D:15     | Killed buskinjo's ghost
 30425 | D:15     | Received a gift from Okawaru
 30432 | D:15     | Got an ominously black robe {god gift}
 30443 | D:15     | Identified the +2 robe of Hunoyn {Dex+5} (Okawaru gifted it
                  | to you on level 15 of the Dungeon)
 30472 | D:15     | Got an ivory shortbow
 30473 | D:15     | Identified the +1 shortbow of Strategic Superiority
                  | {freeze, *Corrode rElec rC+ Str+7} (You took it off an orc
                  | on level 15 of the Dungeon)
 30901 | Spider:1 | Entered Level 1 of the Spider Nest
 30955 | Spider:1 | Reached skill level 10 in Maces & Flails
 31004 | Spider:1 | Reached skill level 5 in Dodging
 31277 | Spider:1 | Noticed Asterion
 31285 | Spider:1 | Killed Asterion
 32415 | Spider:2 | Received a gift from Okawaru
 33404 | Spider:3 | Received a gift from Okawaru
 33457 | Spider:3 | Reached XP level 17. HP: 151/151 MP: 24/24
 33626 | Spider:2 | Reached skill level 14 in Fighting
 35083 | Spider:4 | Entered Level 4 of the Spider Nest
 35859 | Spider:4 | Received a gift from Okawaru
 36061 | Spider:4 | Received a gift from Okawaru
 36397 | Spider:4 | Received a gift from Okawaru
 36720 | Spider:4 | HP: 7/154 [poisoned by a ghost moth]
 36725 | Spider:4 | HP: 6/154 [poisoned by a ghost moth]
 36731 | Spider:4 | HP: 7/154 [poisoned by a ghost moth]
 37390 | Shoals:1 | Entered Level 1 of the Shoals
 37776 | Shoals:1 | Found a runed gate.
 37776 | Shoals:1 | Found a runed gate.
 37776 | Shoals:1 | Found a runed gate.
 37781 | Shoals:1 | Noticed Spongiform's ghost (journeyman MiFi)
 37887 | Shoals:1 | Received a gift from Okawaru
 38110 | Shoals:1 | Noticed Louise
 38125 | Shoals:1 | Killed Louise
 38145 | Shoals:1 | Reached skill level 15 in Fighting
 38531 | Shoals:2 | Reached XP level 18. HP: 163/163 MP: 25/25
 38578 | Shoals:2 | Found a transporter.
 38578 | Shoals:2 | Noticed brandon's ghost (adept DEFE)
 38605 | Shoals:2 | Found a transporter.
 39673 | Shoals:4 | Entered Level 4 of the Shoals
 39815 | Shoals:4 | Received a gift from Okawaru
 40286 | Shoals:4 | Got a coiled garnet amulet
 40290 | Shoals:4 | Got a crystal longbow
 40291 | Shoals:4 | Identified the +3 longbow of Conscience {venom, *Slow Str+2
                  | Dex+4} (You acquired it on level 4 of the Shoals)
 40292 | Shoals:4 | Identified the amulet of Inyuxtui {Faith rElec Str+3 Int+2
                  | Stlth+} (You found it on level 4 of the Shoals)
 40991 | Shoals:4 | Got a barnacled rune of Zot
 41435 | Spider:4 | Received a gift from Okawaru
 41891 | Spider:4 | Received a gift from Okawaru
 41915 | Spider:4 | Got a gossamer rune of Zot
 42148 | Vaults:1 | Entered Level 1 of the Vaults
 42183 | Vaults:1 | Received a gift from Okawaru
 42254 | Vaults:1 | Got a pitted silver ring
 42255 | Vaults:1 | Identified the ring of the Catfish {rF+ Dex+2} (You found
                  | it on level 1 of the Vaults)
 42394 | Vaults:1 | Received a gift from Okawaru
 42495 | Vaults:1 | Reached skill level 16 in Fighting
 42627 | Vaults:1 | Reached XP level 19. HP: 169/172 MP: 26/26
 44156 | Vaults:2 | Received a gift from Okawaru
 44179 | Vaults:2 | Received a gift from Okawaru
 44602 | Vaults:2 | Received a gift from Okawaru
 44744 | Vaults:2 | Received a gift from Okawaru
 44798 | Vaults:2 | Found a staircase to the Crypt.
 45163 | Vaults:2 | Found Qegolecs's Food Boutique.
 45648 | Vaults:3 | Reached skill level 17 in Fighting
 45716 | Vaults:3 | Received a gift from Okawaru
 45773 | Vaults:3 | Received a gift from Okawaru
 45909 | Vaults:3 | Reached XP level 20. HP: 162/184 MP: 27/27
 46211 | Vaults:3 | Received a gift from Okawaru
 46237 | Vaults:3 | Received a gift from Okawaru
 46461 | Vaults:3 | Reached skill level 10 in Evocations
 46833 | Vaults:3 | Reached skill level 15 in Maces & Flails
 47425 | Vaults:3 | Found Kofoal's Food Emporium.
 47669 | Vaults:4 | Reached skill level 18 in Fighting
 47718 | Vaults:4 | Received a gift from Okawaru
 48015 | Vaults:4 | Found Fyuhogor's Food Emporium.
 48040 | Vaults:4 | Received a gift from Okawaru
 48378 | Vaults:4 | Reached XP level 21. HP: 194/194 MP: 29/29
 48395 | Vaults:4 | Received a gift from Okawaru
 48741 | Vaults:4 | Received a gift from Okawaru
 49315 | Elf:1    | Entered Level 1 of the Elven Halls
 49323 | Elf:1    | Received a gift from Okawaru
 49326 | Elf:1    | Got an ancient centaur barding {god gift}
 49337 | Elf:1    | Identified the +3 centaur barding "Talias" {rElec rN+
                  | Dex+3} (Okawaru gifted it to you on level 1 of the Elven
                  | Halls)
 49589 | Elf:1    | Found an ancient bone altar of Kikubaaqudgha.
 49720 | Elf:1    | Noticed Roxanne
 49728 | Elf:1    | Killed Roxanne
 49732 | Elf:1    | Identified Roxanne's Disquisition on the Rocks (You took it
                  | off Roxanne on level 1 of the Elven Halls)
 50363 | Elf:2    | Found a runed gate.
 50363 | Elf:2    | Found a runed gate.
 50364 | Elf:2    | Found a runed gate.
 50493 | Elf:2    | Found Giott's General Store.
 51212 | Elf:3    | Entered Level 3 of the Elven Halls
 51269 | Elf:3    | Found Ugicy's Magic Scroll Emporium.
 51350 | Elf:3    | Reached skill level 19 in Fighting
 51546 | Elf:3    | Received a gift from Okawaru
 51553 | Elf:3    | Got a pair of shimmering gloves {god gift}
 51564 | Elf:3    | Identified the -1 pair of gloves "Vacazeor" {rF+ MR+ Int+3}
                  | (Okawaru gifted it to you on level 3 of the Elven Halls)
 52306 | Elf:3    | Reached XP level 22. HP: 198/206 MP: 24/31
 52669 | Elf:3    | Got a fine amber ring
 52701 | Elf:3    | Got a faintly glowing ruby amulet
 52702 | Elf:3    | Identified the amulet of the Middle {Gourm rF+ rC+ Str+3}
                  | (You found it on level 3 of the Elven Halls)
 52708 | Elf:3    | Got a transparent platinum ring
 52713 | Elf:3    | Identified the +4 mace of Subterfuge {flame, Str+3} (You
                  | found it on level 3 of the Elven Halls)
 52718 | Elf:3    | Identified the ring of Accord {*Drain rPois AC+1 Dex+2
                  | Stlth+} (You took it off a deep elf annihilator on level 3
                  | of the Elven Halls)
 52719 | Elf:3    | Identified the ring "Mijysiemn" {rPois rN+ Int+2 SInv
                  | Stlth+} (You found it on level 3 of the Elven Halls)
 53023 | Depths:1 | Entered Level 1 of the Depths
 53156 | Depths:1 | Received a gift from Okawaru
 53464 | Depths:1 | Received a gift from Okawaru
 53646 | Depths:1 | Found a gateway to Hell.
 54138 | Depths:2 | Found a magical portal.
 54140 | Depths:2 | Found a one-way gate leading to the halls of Pandemonium.
 54174 | WizLab   | Entered Iskenderun's Mystic Tower
 54228 | WizLab   | Received a gift from Okawaru
 54291 | WizLab   | Reached skill level 20 in Fighting
 54973 | WizLab   | Identified Iskenderun's Tome of Damage Dealing
 54973 | WizLab   | Identified Iskenderun's Handbook of Conjuration
 55800 | Depths:2 | Reached XP level 23. HP: 205/217 MP: 32/32
 56042 | Depths:2 | Reached skill level 10 in Dodging
 56831 | Depths:2 | Received a gift from Okawaru
 57092 | Depths:3 | Found a one-way gate to the infinite horrors of the Abyss.
 57141 | Depths:3 | Noticed Mennas
 57173 | Depths:3 | Killed Mennas
 57173 | Depths:3 | Received a gift from Okawaru
 57459 | Depths:3 | Found a deep blue altar of Sif Muna.
 57569 | Depths:3 | Found a deep blue altar of Sif Muna.
 57681 | Depths:3 | Identified the Compendium of Assistive Black Rites
 57792 | Depths:3 | Got a scintillating emerald amulet
 57794 | Depths:3 | Identified the amulet of Uskayaw's Approval {Reflect rPois
                  | MR++ Str+4 SH+4 SInv} (You found it on level 3 of the
                  | Depths)
 57838 | Depths:3 | Reached skill level 21 in Fighting
 57870 | Depths:3 | Identified Sif Muna's Papyrus of Aerial Aid
 57872 | Depths:3 | Identified the Almanac of Ice and Beguiling
 57883 | Depths:3 | Identified the Almanac of Assistive Changing
 57885 | Depths:3 | Identified Sif Muna's Tome of Weightlessness
 57964 | Depths:3 | Found a huge runed gate.
 57964 | Depths:3 | Found a huge runed gate.
 57964 | Depths:3 | Found a huge runed gate.
 57965 | Depths:3 | Found a huge runed gate.
 57966 | Depths:3 | Found a huge runed gate.
 57981 | Depths:3 | Found a huge runed gate.
 57981 | Depths:3 | Found a huge runed gate.
 57981 | Depths:3 | Found a huge runed gate.
 57981 | Depths:3 | Found a huge runed gate.
 57982 | Depths:3 | Found a huge runed gate.
 57994 | Depths:3 | Found a huge runed gate.
 57994 | Depths:3 | Found a huge runed gate.
 58009 | Depths:3 | Received a gift from Okawaru
 58045 | Depths:3 | Found a huge runed gate.
 58045 | Depths:3 | Found a huge runed gate.
 58045 | Depths:3 | Found a huge runed gate.
 58045 | Depths:3 | Found a huge runed gate.
 58045 | Depths:3 | Found a huge runed gate.
 58696 | Depths:3 | Got a fine plate armour
 58707 | Depths:3 | Identified the +7 plate armour of Voecvom {Dex+5} (You
                  | found it on level 3 of the Depths)
 58989 | Depths:3 | Received a gift from Okawaru
 58995 | Depths:3 | Got jewelled storm dragon scales {god gift}
 59006 | Depths:3 | Identified the +3 storm dragon scales of Pride {rElec
                  | Regen+ Int+5 Stlth-} (Okawaru gifted it to you on level 3
                  | of the Depths)
 59464 | Depths:4 | Reached XP level 24. HP: 193/228 MP: 32/32
 60182 | Depths:4 | Noticed a juggernaut
 60188 | Depths:4 | Killed a juggernaut
 60515 | Depths:5 | Entered Level 5 of the Depths
 60832 | Depths:5 | Found a gateway to a ziggurat.
 61350 | Depths:5 | Received a gift from Okawaru
 61412 | Depths:5 | Reached skill level 22 in Fighting
 61520 | Depths:5 | Found a gate to the Realm of Zot.
 62030 | Depths:4 | Voluntarily entered the Abyss.
 62048 | Abyss:2  | Found a corrupted altar of Lugonu.
 62243 | Abyss:2  | Noticed an ancient lich
 62255 | Abyss:2  | Killed an ancient lich
 62255 | Abyss:2  | Received a gift from Okawaru
 62258 | Abyss:2  | Got a dazzling shortbow {god gift}
 62260 | Abyss:2  | Identified the +1 shortbow of Yeast {venom, +Blink rC+
                  | Str+2 Int+2} (Okawaru gifted it to you on level 2 of the
                  | Abyss)
 62687 | Abyss:3  | Reached XP level 25. HP: 220/239 MP: 32/32
 63627 | Abyss:3  | Found an ancient bone altar of Kikubaaqudgha.
 63714 | Abyss:3  | Received a gift from Okawaru
 63777 | Abyss:3  | Found an ancient bone altar of Kikubaaqudgha.
 64441 | Depths:4 | Escaped the Abyss
 64772 | Vaults:5 | Entered Level 5 of the Vaults
 64778 | Vaults:5 | Noticed an ancient lich
 64817 | Vaults:5 | Reached skill level 23 in Fighting
 64897 | Vaults:5 | Killed an ancient lich
 64897 | Vaults:5 | Received a gift from Okawaru
 64903 | Vaults:5 | Got a faintly glowing flail {flame}
 64908 | Vaults:5 | Identified the cursed +0 flail of Vanity {flame, Dex+2}
                  | (You took it off a deep elf sorcerer on level 5 of the
                  | Vaults)
 64916 | Vaults:5 | Received a gift from Okawaru
 65196 | Vaults:5 | Reached XP level 26. HP: 193/251 MP: 32/32
 65268 | Vaults:5 | Noticed an ancient lich
 65279 | Vaults:5 | Killed an ancient lich
 65384 | Vaults:5 | Received a gift from Okawaru
 65551 | Vaults:5 | Got a steaming granite ring
 65560 | Vaults:5 | Identified the ring "Guji" {rPois rC- rN+ Stlth+} (You took
                  | it off a vault guard on level 5 of the Vaults)
 65587 | Vaults:5 | Noticed an ancient lich
 65610 | Vaults:5 | Killed an ancient lich
 65724 | Vaults:5 | Received a gift from Okawaru
 65729 | Vaults:5 | Got a spiked scale mail {god gift}
 65740 | Vaults:5 | Identified the +4 scale mail "Qoniosch" {rF+ MR+ Int-5}
                  | (Okawaru gifted it to you on level 5 of the Vaults)
 65932 | Vaults:5 | Reached skill level 15 in Dodging
 65954 | Vaults:5 | Reached skill level 24 in Fighting
 66092 | Vaults:5 | Got a faintly glowing mace {drain}
 66093 | Vaults:5 | Identified the +6 mace "Huzimebuge" {drain, Int+4} (You
                  | took it off a vault warden on level 5 of the Vaults)
 66213 | Vaults:5 | Reached skill level 15 in Armour
 66439 | Vaults:5 | Gained mutation: You occasionally shout uncontrollably at
                  | your foes. [a neqoxec]
 66707 | Vaults:5 | Got a silver rune of Zot
 67366 | Zot:1    | Entered Level 1 of the Realm of Zot
 68287 | Zot:1    | Noticed an orb of fire
 68320 | Zot:1    | Gained mutation: Your spells are a little easier to cast,
                  | but a little less powerful. [an orb of fire]
 68325 | Zot:1    | Killed an orb of fire
 68329 | Zot:1    | Reached XP level 27. HP: 238/262 MP: 27/32
 68339 | Zot:1    | Received a gift from Okawaru
 68610 | Zot:1    | Found a runed gate.
 68611 | Zot:1    | Found a runed gate.
 68612 | Zot:1    | Found a runed gate.
 68616 | Zot:1    | Noticed an ancient lich
 68616 | Zot:1    | Noticed Zijaosem's ghost (legendary GrEE)
 68658 | Zot:1    | Received a gift from Okawaru
 68928 | Zot:2    | Noticed an orb of fire
 68938 | Zot:2    | Gained mutation: You do not regenerate when monsters are
                  | visible. [an orb of fire]
 68943 | Zot:2    | Killed an orb of fire
 68944 | Zot:2    | Lost mutation: You do not regenerate when monsters are
                  | visible. [potion of mutation]
 68944 | Zot:2    | Lost mutation: Your spells are a little easier to cast, but
                  | a little less powerful. [potion of mutation]
 68944 | Zot:2    | Lost mutation: You occasionally shout uncontrollably at
                  | your foes. [potion of mutation]
 68944 | Zot:2    | Gained mutation: Your flesh is heat resistant. (rF+)
                  | [potion of mutation]
 68944 | Zot:2    | Gained mutation: Your spells are a little harder to cast,
                  | but a little more powerful. [potion of mutation]
 69450 | Zot:2    | Noticed an orb of fire
 69468 | Zot:2    | Killed an orb of fire
 69946 | Zot:3    | Received a gift from Okawaru
 70207 | Zot:3    | Found a runed gate.
 70207 | Zot:3    | Found a runed gate.
 70208 | Zot:3    | Found a runed gate.
 70210 | Zot:3    | Noticed Oklagrot's ghost (legendary KoAK)
 70380 | Zot:3    | Received a gift from Okawaru
 70918 | Zot:4    | Received a gift from Okawaru
 70925 | Zot:4    | Reached skill level 25 in Fighting
 71768 | Zot:4    | Received a gift from Okawaru
 71863 | Zot:4    | Received a gift from Okawaru
 72324 | Zot:5    | Entered Level 5 of the Realm of Zot
 72361 | Zot:5    | Received a gift from Okawaru
 72774 | Zot:5    | Received a gift from Okawaru
 74287 | Zot:5    | Received a gift from Okawaru
 74359 | Zot:5    | Received a gift from Okawaru
 74450 | Zot:5    | Received a gift from Okawaru
 74548 | Zot:5    | Noticed an orb of fire
 74548 | Zot:5    | Noticed an orb of fire
 74548 | Zot:5    | Noticed an orb of fire
 74578 | Zot:5    | Lost mutation: Your spells are a little harder to cast, but
                  | a little more powerful. [an orb of fire]
 74590 | Zot:5    | Gained mutation: You are frail. (-10% HP) [an orb of fire]
 74600 | Zot:5    | Killed an orb of fire
 74600 | Zot:5    | Received a gift from Okawaru
 74602 | Zot:5    | Killed an orb of fire
 74632 | Zot:5    | Killed an orb of fire
 74651 | Zot:5    | Got a warped longbow {god gift}
 74760 | Zot:5    | Identified the +7 longbow "Extajab" {speed, +Blink +Fly
                  | rF+} (Okawaru gifted it to you on level 5 of the Realm of
                  | Zot)
 74807 | Zot:5    | Reached skill level 26 in Fighting
 74999 | Zot:5    | Noticed an orb of fire
 75003 | Zot:5    | Noticed an orb of fire
 75014 | Zot:5    | Gained mutation: You tend to lose your temper in combat.
                  | [an orb of fire]
 75020 | Zot:5    | Lost mutation: You are frail. (-10% HP) [potion of
                  | mutation]
 75020 | Zot:5    | Lost mutation: You tend to lose your temper in combat.
                  | [potion of mutation]
 75020 | Zot:5    | Gained mutation: Your body sometimes deteriorates upon
                  | taking damage. [potion of mutation]
 75020 | Zot:5    | Gained mutation: You passively map a small area around you.
                  | [potion of mutation]
 75020 | Zot:5    | Gained mutation: You possess an exceptional clarity of
                  | mind. [potion of mutation]
 75020 | Zot:5    | Gained mutation: Your body often deteriorates upon taking
                  | damage. [an orb of fire]
 75022 | Zot:5    | Lost mutation: You possess an exceptional clarity of mind.
                  | [an orb of fire]
 75028 | Zot:5    | Killed an orb of fire
 75034 | Zot:5    | Gained mutation: Your magical capacity is low. (-10% MP)
                  | [an orb of fire]
 75038 | Zot:5    | Killed an orb of fire
 75096 | Zot:5    | Lost mutation: You passively map a small area around you.
                  | [potion of mutation]
 75096 | Zot:5    | Lost mutation: Your body often deteriorates upon taking
                  | damage. [potion of mutation]
 75096 | Zot:5    | Lost mutation: Your magical capacity is low. (-10% MP)
                  | [potion of mutation]
 75096 | Zot:5    | Lost mutation: Your body sometimes deteriorates upon taking
                  | damage. [potion of mutation]
 75096 | Zot:5    | Gained mutation: You have a pair of small antennae on your
                  | head. [potion of mutation]
 75096 | Zot:5    | Gained mutation: You are partially covered in thin metallic
                  | scales. (AC +2) [potion of mutation]
 75155 | Zot:5    | Received a gift from Okawaru
 75159 | Zot:5    | Got a slimy scale mail {god gift}
 75177 | Zot:5    | Identified the +0 scale mail of the Blue Moon {rF+}
                  | (Okawaru gifted it to you on level 5 of the Realm of Zot)
 76164 | Zot:5    | Got the Orb of Zot
 76624 | D:8      | Noticed an ancient lich
 76640 | D:8      | Noticed Ochuzoe the pandemonium lord
 76641 | D:8      | Killed an ancient lich
 76747 | D:2      | Killed Sigmund
 76841 | D:$      | Escaped with the Orb!

Skill      XL: |  1  2  3  4  5  6  7  8  9 10 11 12 13 14 15 16 17 18 19 20 21 22 23 24 25 26 27 |
---------------+----------------------------------------------------------------------------------+-----
Bows           | 6 7 8 10 11 12 14 15 17 18 19 20 21 22 | 22.0
Armour         | 1 2 3 4 5 6 7 8 9 10 11 12 13 14 15 17 | 17.8
Polearms       | 1 |  1.0
Maces & Flails | 1 3 5 6 7 8 9 10 12 13 14 15 16 17 18 19 20 | 20.0
Invocations    | 2 4 7 8 10 | 10.0
Fighting       | 5 6 8 9 11 13 15 16 17 18 19 20 21 22 23 24 26 | 26.4
Evocations     | 2 4 6 7 8 9 11 12 | 12.0
Dodging        | 4 5 6 7 9 11 12 14 15 17 | 17.9
Stealth        | |  0.4

Action                   |  1- 3 |  4- 6 |  7- 9 | 10-12 | 13-15 | 16-18 | 19-21 | 22-24 | 25-27 || total
-------------------------+-------+-------+-------+-------+-------+-------+-------+-------+-------++-------
Melee: Short sword       |    48 |       |       |       |       |       |       |       |       ||    48
       Kick              |    20 |    21 |   123 |   106 |    24 |    55 |     3 |    33 |       ||   385
       Mace              |    91 |    25 |       |       |       |       |       |       |       ||   116
       Whip              |       |    98 |   393 |   364 |    51 |   123 |       |       |       ||  1029
       Spear             |       |     8 |       |       |       |       |       |       |       ||     8
       Shortbow          |       |       |     1 |       |       |       |       |       |       ||     1
       Great mace        |       |       |       |       |     3 |     7 |     2 |    77 |       ||    89
       Longbow           |       |       |       |       |     2 |     4 |     3 |       |       ||     9
 Fire: Shortbow          |     8 |    67 |   242 |   702 |       |       |       |       |       ||  1019
       Longbow           |       |       |       |   158 |  1365 |  1573 |  1508 |  1682 |  2417 ||  8703
Invok: Heroism           |       |       |     1 |     9 |    16 |    27 |    21 |    25 |    33 ||   132
       Finesse           |       |       |       |     1 |     7 |    11 |     5 |    13 |    22 ||    59
 Abil: Evoke Flight      |       |       |       |       |     3 |     1 |       |       |       ||     4
       Evoke Invisibilit |       |       |       |       |     2 |     6 |     4 |     1 |     9 ||    22
       Stop Flying       |       |       |       |       |     1 |       |       |       |       ||     1
Evoke: Wand              |       |       |     3 |       |       |     1 |     6 |     8 |     2 ||    20
       Lamp of fire      |       |       |       |       |     1 |     1 |     5 |     1 |     2 ||    10
       Lightning rod     |       |       |       |       |       |       |     7 |       |       ||     7
       Phial of floods   |       |       |       |       |       |       |     1 |     1 |       ||     2
  Use: Scroll            |       |     7 |    10 |    14 |    13 |    14 |     8 |    15 |    19 ||   100
       Potion            |       |       |       |       |     1 |     8 |     1 |     2 |     6 ||    18
 Stab: Paralysed         |       |       |     5 |       |       |       |       |     2 |       ||     7
       Petrifying        |       |       |       |       |       |       |       |     6 |       ||     6
       Confused          |       |       |       |       |       |       |       |     1 |       ||     1
       Petrified         |       |       |       |       |       |       |       |     1 |       ||     1
  Eat: Chunk             |     2 |     5 |     7 |    16 |    24 |    18 |    24 |    39 |    29 ||   164
       Ration            |       |       |     2 |     1 |     2 |     5 |       |       |       ||    10
Armor: Leather armour    |     9 |       |       |       |       |       |       |       |       ||     9
       Scale mail        |   113 |   101 |     5 |       |       |       |       |       |       ||   219
       Chain mail        |       |       |   267 |    75 |   144 |   846 |   293 |   376 |   437 ||  2438
       Ring mail         |       |       |       |   230 |   181 |       |       |       |       ||   411
       Plate armour      |       |       |       |       |   118 |       |       |       |       ||   118
Dodge: Dodged            |    49 |    31 |    41 |   143 |   122 |   250 |   134 |   240 |   369 ||  1379
